Map: Blueshift LE

Players

kiwian

  • Race: Terran Terran
  • League: Master
  • Spawn Location: 7:00

A.I. 2 (Elite) - Winner!

  • Race: Protoss Protoss
  • Spawn Location: 1:00

VOD

https://www.youtube.com/watch?v=lMUJIW8MuMs

Description

TvP Window Mine Drop Build Order

Time

  • Played on: Dec. 3, 2018, 12:19 a.m.
  • Length: 8:20
Show
View Real Time Build Order
Export as new Build Order

kiwian Terran 

Build Orders: Gas First Reaper Expand 

Get SALT Encoding   

  12  0:01  SCV  
  13  0:13  SCV  
  14  0:17  Supply Depot  
  14  0:25  SCV  
  15  0:29  Refinery  
  15  0:39  SCV  
  16  0:44  Barracks  
  16  0:51  SCV  
  17  1:03  SCV  
  18  1:15  SCV  
  19  1:33  Orbital Command, Reaper  
  20  1:43  Command Center  
  20  1:54  Factory  
  20  2:01  SCV  
  21  2:07  Refinery  
  21  2:09  Barracks Reactor  
  21  2:13  SCV  
  22  2:17  Supply Depot  
  22  2:25  SCV  
  23  2:38  SCV  
  23  2:40  Starport  
  24  2:50  SCV  
  24  2:51  Hellion x2  
  29  2:56  Orbital Command  
  29  3:03  SCV  
  29  3:04  Barracks Tech Lab  
  30  3:12  Widow Mine  
  34  3:13  Widow Mine  
  34  3:15  SCV  
  35  3:20  Supply Depot  
  35  3:23  SCV  
  36  3:27  SCV  
  36  3:28  Medivac  
  39  3:35  Widow Mine x2  
  39  3:36  SCV  
  44  3:47  SCV  
  40  3:49  Engineering Bay  
  40  3:50  SCV  
  41  3:59  SCV  
  41  4:02  SCV  
  43  4:04  Starport Tech Lab  
  43  4:05  Marine x2  
  43  4:06  Siege Tank  
  43  4:09  Supply Depot  
  48  4:11  SCV  
  48  4:14  SCV  
  50  4:23  Raven, SCV  
  53  4:26  Barracks, SCV  
  53  4:27  Barracks  
  53  4:30  Refinery  
  53  4:31  Marine x2  
  56  4:35  SCV  
  57  4:40  SCV  
  58  4:47  SCV  
  58  4:48  Marine  
  58  4:49  Marine  
  58  4:52  SCV  
  62  5:04  Terran Infantry Weapons Level 1, Supply Depot  
  62  5:18  Factory Reactor  
  62  5:22  Starport Reactor, Supply Depot  
  62  5:23  Supply Depot  
  62  5:25  Combat Shield  
  62  5:26  Marine x2, SCV x2, Stimpack  
  68  5:28  Marauder  
  68  5:30  Barracks x2  
  68  5:32  Marauder  
  70  5:37  Refinery  
  70  5:44  Marine x2, SCV x2  
  70  5:49  Marine  
  75  5:53  Marauder  
  75  5:55  Supply Depot x2  
  75  5:56  SCV x2  
  79  5:58  Widow Mine x2  
  79  6:02  Marine  
  84  6:07  Marine  
  84  6:08  SCV  
  86  6:12  Supply Depot  
  86  6:16  Marine, Medivac x2, SCV  
  86  6:17  Marauder  
  86  6:18  Supply Depot x2  
  94  6:20  SCV  
  94  6:22  Barracks Tech Lab, Barracks Reactor  
  94  6:24  Marine x2  
  97  6:28  SCV  
  98  6:34  Marauder  
  98  6:35  Widow Mine x2, SCV  
  98  6:38  Marauder  
  98  6:39  Supply Depot  
  107  6:41  Supply Depot  
  107  6:44  Marauder, Concussive Shells  
  109  6:48  Marine x2  
  111  6:56  Marauder  
  111  6:59  Marauder  
  115  7:03  Marine  
  115  7:05  Marauder  
  115  7:06  Marine x2  
  120  7:08  Marine  
  120  7:09  Widow Mine  
  123  7:17  Marauder  
  123  7:21  Marine, Marauder  
  128  7:30  Marine, Marauder  
  128  7:34  Command Center  
  126  7:56  Marine x2, Marauder x2  
  126  7:58  Marine x2, Marauder  
  126  8:08  SCV x2  
Show
View Real Time Build Order
Export as new Build Order

A.I. 2 (Elite) Protoss - Winner!

Build Orders:  

Get SALT Encoding   

  12  0:00  Probe  
  13  0:13  Probe  
  14  0:19  Pylon  
  14  0:25  Probe  
  15  0:33  Probe  
  15  0:42  Probe  
  16  0:47  Assimilator  
  17  0:50  Gateway  
  17  0:51  Probe  
  18  0:59  Pylon, Probe  
  19  1:07  Probe  
  20  1:18  Probe  
  21  1:30  Probe  
  22  1:37  Zealot  
  24  1:40  Cybernetics Core  
  24  1:42  Probe  
  25  1:58  Nexus  
  25  2:01  Probe  
  26  2:06  Warp Gate  
  26  2:13  Probe  
  27  2:17  Stalker  
  28  2:25  Probe  
  28  2:28  Pylon  
  29  2:37  Probe  
  29  2:41  Gateway  
  30  2:45  Assimilator  
  30  2:49  Probe  
  31  2:52  Adept  
  33  3:00  Pylon  
  33  3:01  Probe  
  34  3:10  Probe  
  35  3:13  Probe  
  35  3:19  Adept  
  38  3:22  Probe  
  38  3:25  Probe  
  40  3:30  Robotics Facility  
  40  3:33  Adept  
  42  3:35  Probe  
  42  3:38  Probe  
  41  3:47  Probe  
  36  3:50  Probe  
  37  3:59  Probe  
  37  4:02  Probe  
  39  4:07  Probe  
  39  4:12  Adept  
  39  4:14  Probe  
  39  4:15  Probe  
  44  4:26  Probe x2  
  46  4:33  Adept  
  46  4:37  Observer  
  46  4:38  Probe x2  
  40  4:50  Probe x2  
  42  4:55  Forge  
  42  5:02  Probe  
  42  5:05  Probe  
  44  5:10  Probe  
  44  5:13  Probe  
  45  5:18  Probe  
  45  5:21  Probe  
  48  5:29  Probe  
  48  5:32  Photon Cannon, Probe  
  48  5:34  Photon Cannon  
  50  5:38  Adept  
  50  5:41  Probe  
  53  5:44  Probe  
  53  5:47  Robotics Bay  
  53  5:48  Twilight Council  
  54  5:53  Probe  
  54  5:56  Probe  
  56  6:04  Pylon, Probe  
  57  6:22  Zealot, Assimilator  
  59  6:26  Probe  
  59  6:27  Pylon  
  59  6:30  Probe, Stalker, Templar Archives  
  63  6:32  Assimilator  
  63  6:35  Gateway  
  63  6:40  Stalker  
  63  6:45  Probe x2  
  67  6:48  Pylon  
  67  6:53  Stalker  
  69  6:57  Probe  
  69  6:58  Probe  
  71  7:02  Sentry  
  73  7:09  Pylon, Probe  
  73  7:10  Probe  
  75  7:16  High Templar  
  75  7:19  Forge  
  75  7:21  Probe  
  78  7:25  Zealot, Probe  
  78  7:26  Nexus  
  78  7:29  High Templar  
  83  7:37  Sentry, Pylon  
  85  7:45  Stalker  
  77  7:52  Probe  
  77  7:54  Probe  
  60  7:59  Zealot  
  60  8:01  Stalker  
  60  8:04  Probe  
  30  8:08  Stalker  
Tags
 
Add a new tag
Caveats
  • Supply blocks, unpowered buildings, or Contaminate may cause inaccurate times.
  • Supply counts are checked every 10 seconds.